 Dungeon Crawl Stone Soup version 0.31-a0-702-gf82c85558f (webtiles) character file.

Game seed: 11388174990120199966

506 qw the Shooter (level 7, 0/43 HPs)
             Began as a Gargoyle Hunter on Sept 8, 2023.
             Slain by an orc priest
             ... wielding a +0 club
              (2 damage)
             ... on level 4 of the Dungeon.
             The game lasted 00:01:09 (2420 turns).

qw the Shooter (Gargoyle Hunter)                    Turns: 2420, Time: 00:01:10

Health: 0/43       AC: 10    Str: 15    XL:     7   Next: 18%
Magic:  7/7        EV: 11    Int:  9    God:
Gold:   177        SH:  5    Dex: 15    Spells: 6/6 levels left

rFire   . . .        Y - +1 arbalest
rCold   . . .        (shield currently unavailable)
rNeg    + . .        h - +0 ring mail
rPois   inf          (no helmet)
rElec   +            (no cloak)
rCorr   .            (no gloves)
SInv    +            (no boots)
Will    .....        j - amulet of reflection
Stlth   +            b - ring of see invisible
HPRegen 0.27/turn    (no ring)
MPRegen 0.10/turn

%: reflection
@: no status effects
A: sickness immunity, AC +4, negative energy resistance 1, electricity
resistance, torment resistance 1, petrification resistance
a: no special abilities


You were on level 4 of the Dungeon.
You visited 1 branch of the dungeon, and saw 4 of its levels.

You collected 177 gold pieces.


Innate Abilities, Weirdness & Mutations

You are immune to sickness and miasma.
Your stone body is resilient. (AC +4)
You are immune to poison.
You resist negative energy. (rN+)
You are resistant to electric shocks. (rElec)
You are resistant to unholy torment.
You are immune to petrification.


   Skills:
 - Level 4.1 Fighting
 + Level 7.6 Ranged Weapons
 - Level 1.0 Armour
 - Level 1.5 Dodging
 - Level 1.1 Stealth


You had 6 spell levels left.
You didn't know any spells.
Your spell library was empty.

Inventory:

Hand Weapons
 Y - a +1 arbalest (weapon)
Armour
 h - a +0 ring mail (worn)
Jewellery
 b - a ring of see invisible (left hand)
 c - a ring of fire
 j - an amulet of reflection (around neck)
Scrolls
 n - a scroll of identify
Potions
 d - a potion of might {unknown}
 f - a potion of lignification {unknown}
 g - a potion of heal wounds {unknown}
 i - a potion of resistance {unknown}
 m - a potion of brilliance {unknown}

Dungeon Overview and Level Annotations

Branches:
Dungeon (4/15)
 Temple: D:4-7

Altars:
Dithmenos
Qazlal


Message History

Items here: %% )).
You hear the brisk hiss of an avalanche of sand.
An orc priest comes into view. It is wielding a +0 club.
You shoot a bolt. The bolt closely misses the orc priest.
The orc priest shouts!
The orc priest looks encouraged for a moment.
You shoot a bolt. The bolt closely misses the orc priest.
The orc priest mumbles some strange prayers to Beogh against you.
Beogh smites you!
You shoot a bolt. The bolt hits the orc priest!
The orc priest is heavily wounded.
The orc priest hits you with a +0 club.
You shoot a bolt. The bolt barely misses the orc priest.
The orc priest begins to cast a cantrip, but forgets the words!
The orc priest hits you but does no damage.
You shoot a bolt. The bolt hits the orc priest.
The orc priest is severely wounded.
The orc priest begins to cast a cantrip, but forgets the words!
The orc priest barely misses you.
You shoot a bolt. The bolt closely misses the orc priest.
The orc priest hits you with a +0 club.
You shoot a bolt. The bolt hits the orc priest.
The orc priest is almost dead.
The orc priest invokes the aid of Beogh against you.
Beogh smites you!
The orc priest invokes the aid of Beogh against you.
Beogh smites you!
You shoot a bolt. The bolt hits the orc priest.
The orc priest is almost dead.
The orc priest hits you but does no damage.
The orc priest barely misses you.
You shoot a bolt.
The bolt hits the orc priest but does no damage.
The orc priest is almost dead.
The orc priest miscasts a cantrip.
You shoot a bolt.
The bolt hits the orc priest but does no damage.
The orc priest is almost dead.
The orc priest hits you with a +0 club.
You die...

...##.###.###...###
#.###.# #.# #...# #.#
#.# #.####.## #.# #.#
#......# #.# #.#
#..##### #.# #.# #.#####
#.# #.###.....## ######
#.###.#........###......
#..............#@o.#
#####.#........#.#.#
#.....#........#.# +
..#[...........#.#
....#######.#.##.#
............#.##.#
.############.##.# ##
#%##.#
#############.##)#


You could see an orc priest.

Vanquished Creatures
  Sigmund (D:3)
  A hound (D:4)
  3 orc priests (D:4)
  Jessica (D:3)
  Natasha (twice) (D:3)
  7 adders
  2 worms
  2 dart slugs
  8 orcs
  7 bats
  4 endoplasms
  3 giant cockroaches
  8 goblins
  A hobgoblin (D:3)
  8 jackals
  4 quokkas
  9 ball pythons
  4 frilled lizards
  7 kobolds
  12 rats
94 creatures vanquished.

Notes
Turn   | Place    | Note
-------+----------+-------------------------------------------
     0 | D:1      | qw the Gargoyle Hunter began the quest for the Orb.
     0 | D:1      | Reached XP level 1. HP: 12/12 MP: 1/1
     0 | D:1      | 0 ||| qw: Version: 0.3-a-76-g4403597
     0 | D:1      | 0 ||| qw: Game counter: 1260
     0 | D:1      | 0 ||| qw: Melee chars always use a shield: true
     0 | D:1      | 0 ||| qw: God list: Okawaru
     0 | D:1      | 0 ||| qw: Allow faded altars: false
     0 | D:1      | 0 ||| qw: Do Orc after clearing Dungeon:15 true
     0 | D:1      | 0 ||| qw: Do second Lair branch before Depths: true
     0 | D:1      | 0 ||| qw: Lair rune preference: random
     0 | D:1      | 0 ||| qw: Goals: Normal
     0 | D:1      | 0 ||| PLANNING D:1-11
    50 | D:1      | 50 ||| Stepping ~*~*~tactically~*~*~ (outnumbered).
    77 | D:1      | Reached XP level 2. HP: 17/17 MP: 2/2
   452 | D:1      | Reached XP level 3. HP: 21/21 MP: 3/3
   648 | D:1      | 648 ||| UPGRADING to +0 ring mail.
   658 | D:1      | 658 ||| DROPPING +0 leather armour.
   659 | D:1      | 659 ||| READING scroll labelled WYUMEARAZIA.
   660 | D:1      | 660 ||| READING scroll labelled QUOWEL LESCHIH.
   665 | D:1      | 665 ||| DROPPING scroll of butterflies.
   682 | D:2      | 682 ||| STAIRDANCE
   687 | D:2      | 687 ||| STAIRDANCE
   693 | D:1      | Reached skill level 1 in Armour
   717 | D:2      | 717 ||| STAIRDANCE
   720 | D:1      | Reached skill level 5 in Ranged Weapons
   743 | D:2      | 743 ||| SWAPPING to +0 arbalest.
   745 | D:2      | 745 ||| DROPPING +0 shortbow.
   893 | D:2      | Found a shadowy altar of Dithmenos.
  1008 | D:2      | Reached skill level 3 in Fighting
  1008 | D:2      | Reached XP level 4. HP: 28/28 MP: 4/4
  1145 | D:2      | 1145 ||| FLEEEEING.
  1146 | D:2      | 1146 ||| FLEEEEING.
  1147 | D:2      | 1147 ||| FLEEEEING.
  1297 | D:2      | 1297 ||| UPGRADING to ring of see invisible.
  1298 | D:2      | 1298 ||| READING scroll labelled FUCAAF FOAP.
  1514 | D:3      | Found a faded altar of an unknown god.
  1625 | D:3      | Reached XP level 5. HP: 32/32 MP: 5/5
  1678 | D:3      | Noticed Jessica
  1682 | D:3      | Noticed Sigmund
  1683 | D:3      | 1683 ||| Stepping ~*~*~tactically~*~*~ (retreating).
  1686 | D:3      | Killed Jessica
  1701 | D:3      | HP: 6/32 [Sigmund/magic dart (5)]
  1702 | D:3      | Killed Sigmund
  1703 | D:3      | Reached skill level 7 in Ranged Weapons
  1703 | D:3      | Reached XP level 6. HP: 7/37 MP: 6/6
  1852 | D:3      | Noticed Natasha
  1856 | D:3      | Killed Natasha
  2027 | D:3      | Noticed Natasha
  2033 | D:3      | Killed Natasha
  2049 | D:3      | 2049 ||| UPGRADING to amulet of reflection.
  2054 | D:3      | 2054 ||| READING scroll labelled QUGYLU ALIE.
  2055 | D:3      | 2055 ||| READING scroll labelled KUASTR LEDAAMIF.
  2056 | D:3      | 2056 ||| READING scroll labelled CAIWAT CAUMOFF.
  2057 | D:3      | 2057 ||| DRINKING 2 murky dark potions.
  2058 | D:3      | 2058 ||| DROPPING potion of attraction.
  2080 | D:4      | 2080 ||| PLANNING OSSUARY
  2118 | D:4      | Found a stormy altar of Qazlal.
  2229 | D:4      | Reached XP level 7. HP: 43/43 MP: 7/7
  2417 | D:4      | HP: 1/43 [orc priest/divine providence (14)]
  2420 | D:4      | Slain by an orc priest

Levels and vault maps discovered:
D:1:      ncdulo_lavacross, layout_loops_cross, minmay_3d_cube
D:2:      layout_loops_cross, basic_altar
D:3:      layout_basic, dreamdust_ecumenical_altar_statues, minmay_cut_off,
          uniq_jessica, uniq_natasha, uniq_sigmund
D:4:      layout_basic, nicolae_qazlal_general_emergency, enter_ossuary_2

Skill      XL: |  1  2  3  4  5  6 |
---------------+-------------------+-----
Armour         | 1 |  1.0
Ranged Weapons | 5 7 |  7.6
Fighting       | 3 4 |  4.1
Dodging        | |  1.5
Stealth        | |  1.1

Action                     |  1- 3 |  4- 6 |  7- 9 || total
---------------------------+-------+-------+-------++-------
   Fire: Shortbow          |    69 |       |       ||    69
         Arbalest          |    31 |   142 |    22 ||   195
    Use: Scroll            |     2 |     4 |       ||     6
         Potion            |       |     1 |       ||     1
 Armour: Leather armour    |    22 |       |       ||    22
         Ring mail         |    28 |   117 |     6 ||   151
  Dodge: Dodged            |    42 |    93 |     2 ||   137
  Block: Other             |       |     3 |       ||     3

Table legend:
 A = Non-vault XP
 B = Vault XP
 C = Vault XP percentage of total XP
 D = Non-vault monster count
 E = Vault monster count
 F = Vault count percentage of total count
                 A         B        C        D         E       F
            +---------+---------+-------+---------+---------+-------
      Total |     433 |     290 |  40.1 |      88 |       6 |   6.4
            +---------+---------+-------+---------+---------+-------
        D:1 |      47 |       6 |  11.3 |      23 |       3 |  11.5
        D:2 |      56 |       0 |   0.0 |      19 |       0 |   0.0
        D:3 |     103 |     284 |  73.4 |      25 |       3 |  10.7
        D:4 |     227 |       0 |   0.0 |      21 |       0 |   0.0
            +---------+---------+-------+---------+---------+-------
